Map: Dash and Terminal LE (Void)

Players

SticklerMac - Winner!

  • Race: Zerg Zerg
  • League: Bronze

StreetPirate

  • Race: Terran Terran
  • League: Bronze

VOD

Have the link to the VOD?

Description

Time

  • Played on: Aug. 10, 2015, 8:21 p.m.
  • Length: 6:18
Show
View Real Time Build Order
Export as new Build Order

SticklerMac Zerg - Winner!

Build Orders: Pool First, Zergling Baneling 

Get SALT Encoding   

  12  0:01  Drone  
  13  0:08  Drone  
  14  0:27  Spawning Pool  
  13  0:31  Drone  
  13  0:34  Extractor  
  13  0:38  Drone  
  14  0:54  Overlord  
  14  1:10  Overlord  
  14  1:13  Queen  
  14  1:17  Drone  
  16  1:21  Zergling x2  
  17  1:28  Zergling x2  
  18  1:36  Zergling x2  
  19  1:43  Drone  
  19  1:46  Metabolic Boost  
  20  1:53  Drone  
  21  2:01  Baneling Nest  
  20  2:04  Drone  
  21  2:16  Zergling x2  
  21  2:22  Zergling x2  
  23  2:23  Zergling x4  
  23  2:26  Zergling x2  
  26  2:35  Zergling x2  
  27  2:39  Zergling x2  
  28  2:49  Zergling x2  
  29  2:54  Zergling x2  
  29  2:56  Overlord  
  29  2:57  Overlord  
  30  3:05  Baneling x4  
  30  3:06  Baneling  
  30  3:09  Baneling  
  30  3:11  Baneling  
  30  3:13  Baneling  
  30  3:18  Baneling  
  32  3:27  Zergling x6  
  32  3:48  Zergling x8  
  27  4:01  Baneling x4  
  27  4:08  Zergling x2  
  27  4:27  Zergling x12  
  31  4:38  Zergling x2  
  28  4:50  Zergling x2  
  27  5:00  Baneling x3  
  27  5:01  Zergling x2  
  27  5:06  Hatchery  
  26  5:10  Baneling x5  
  26  5:12  Zergling x2  
  23  5:30  Zergling x2  
  23  5:31  Zergling x6  
  25  5:38  Zergling x2  
  26  5:46  Drone  
  27  5:54  Zergling x2  
Show
View Real Time Build Order
Export as new Build Order

StreetPirate Terran 

Build Orders:  

Get SALT Encoding   

  12  0:01  SCV  
  13  0:14  SCV  
  14  0:34  Supply Depot  
  14  0:36  SCV  
  14  0:39  Refinery  
  15  1:13  SCV  
  15  1:22  Barracks  
  15  1:32  SCV  
  16  1:35  Supply Depot  
  16  1:44  SCV  
  17  1:56  Barracks  
  17  2:10  Refinery, Marine  
  17  2:15  Command Center  
  18  2:27  Orbital Command  
  18  2:32  Marine  
  19  2:54  SCV  
  19  2:57  Marine  
  21  2:58  Marine  
  22  3:06  SCV  
  22  3:10  Factory  
  23  3:18  SCV  
  24  3:23  Marine  
  24  3:25  Marine  
  25  3:30  SCV  
  26  3:42  SCV  
  26  3:46  Bunker  
  27  3:54  Marine  
  23  4:00  Barracks  
  19  4:12  Marine  
  20  4:20  Supply Depot  
  20  4:25  Hellion  
  20  4:28  SCV  
  24  4:40  SCV  
  23  4:57  Barracks  
  23  4:58  Barracks  
  21  5:18  Hellion  
  16  5:39  Hellion  
  18  5:46  Supply Depot  
  18  6:01  Starport  
  18  6:02  SCV  
Tags
 
Add a new tag
Caveats
  • Supply blocks, unpowered buildings, or Contaminate may cause inaccurate times.
  • Supply counts are checked every 10 seconds.